AoeStats
← SOLIIN

Fortress

510152427Analyzed
4v4 RM · 4d ago on Sep 29, 2026· 27m 7s· 8 players
Game mode
Random Map
Map size
Huge
Population
200
Speed
Normal
Resources
Standard
Victory
Conquest
Starting age
Dark Age
Ending age
Imperial Age
RankedLock teamsTeams togetherTeam positionsShared explorationLock speedFull tech treeHidden civsTurbo modeCheats
Victory
Defeat
🇹🇷 Italians · Türkiye
1214
+13
🇹🇷 Japanese · Türkiye
1152
+16
🇹🇷 Magyars · Türkiye
1140
+16
🇹🇷 Slavs · Türkiye
1094
+18
🇧🇪 Franks · Belgium
1161
-16
🇺🇸 Sicilians · United States
1152
-16
🇪🇸 Malians · Spain
1147
-16
🇲🇽 Magyars · Mexico
1132
-15
eeliaaaas
9:37 Feudal Age
8:38 Loom
10:30 Double-Bit Axe
10:27 Horse Collar
11:16 Gold Mining
14:04 Castle Age
15:08 Bow Saw
16:43 Heavy Plow
18:54 Gold Shaft Mining
19:21 Bloodlines
21:08 Husbandry
23:55 Wheelbarrow
23:07 Town Watch
24:03 Fletching
25:23 Scale Barding Armor
26:56 Stone Mining
Empire
0:52 Loom
7:27 Feudal Age
11:48 Castle Age
11:00 Double-Bit Axe
11:21 Horse Collar
19:41 Scale Mail Armor
21:23 First Crusade
21:24 Forging
22:46 Chain Mail Armor
23:22 Wheelbarrow
23:11 Squires
23:52 Arson
24:32 Gold Mining
24:43 Fletching
25:26 Bodkin Arrow
26:38 Ballistics
BRUNOgg
1:49 Loom
7:44 Feudal Age
8:25 Double-Bit Axe
12:33 Castle Age
11:21 Horse Collar
14:13 Bow Saw
19:25 Heavy Plow
20:09 Wheelbarrow
22:39 Gold Mining
23:50 Hand Cart
25:12 Gold Shaft Mining
27:19 Imperial Age
26:00 Forging
25:55 Scale Barding Armor
26:57 Bloodlines
26:48 Husbandry
27:27 Iron Casting
hakki
6:51 Feudal Age
7:33 Double-Bit Axe
12:12 Castle Age
11:39 Stone Mining
11:40 Gold Mining
12:30 Wheelbarrow
14:39 Forging
15:08 Scale Mail Armor
15:28 Husbandry
16:57 Scale Barding Armor
16:43 Loom
16:44 Town Watch
SOLIIN
7:16 Feudal Age
11:26 Castle Age
9:37 Double-Bit Axe
9:51 Horse Collar
10:44 Gold Mining
13:40 Pikeman
15:14 Stone Mining
17:38 Loom
19:09 Scale Barding Armor
19:15 Forging
20:41 Wheelbarrow
20:41 Town Watch
24:16 Husbandry
28:49 Imperial Age
28:07 Iron Casting
ErsanKuneri
3:30 Loom
7:44 Feudal Age
13:01 Castle Age
11:19 Double-Bit Axe
11:42 Horse Collar
11:57 Loom
15:57 Gold Mining
26:09 Imperial Age
24:06 Bloodlines
24:16 Bow Saw
24:15 Husbandry
24:34 Corvinian Army
24:42 Heavy Plow
25:05 Scale Barding Armor
25:53 Gold Shaft Mining
25:12 Town Watch
26:52 Wheelbarrow
26:17 Cavalier
27:30 Conscription
slimshady12
4:38 Loom
7:40 Feudal Age
12:42 Castle Age
10:57 Double-Bit Axe
10:59 Horse Collar
16:14 Bow Saw
16:44 Fletching
16:54 Padded Archer Armor
18:18 Elite Skirmisher
19:23 Gold Mining
20:39 Stone Mining
21:25 Gold Shaft Mining
26:41 Imperial Age
25:50 Bodkin Arrow
26:10 Leather Archer Armor
déodat
7:43 Feudal Age
8:44 Loom
11:35 Castle Age
9:32 Double-Bit Axe
9:30 Horse Collar
12:28 Gold Mining
14:36 Town Watch
17:57 Fletching
20:24 Bodkin Arrow
24:24 Heavy Plow
25:33 Padded Archer Armor
Connection lost

Rejoining the realm…

Still unreachable

The connection could not be restored.

Session expired

The server has moved on; the page needs a fresh start.